 Dungeon Crawl Stone Soup version 0.30.0-5-g1a98f26d00 (webtiles) character file.

Game seed: 11072321323626055024

1096 Pimp the Skirmisher (level 8, -2/46 HPs)
             Began as a Deep Elf Hunter on May 11, 2023.
             Slain by Menkaure (21 damage)
             ... on level 5 of the Dungeon.
             The game lasted 00:21:10 (4582 turns).

Pimp the Skirmisher (Deep Elf Hunter)               Turns: 4582, Time: 00:21:10

Health: -2/46      AC:  5    Str: 16    XL:     8   Next: 10%
Magic:  10/10      EV: 13    Int: 19    God:
Gold:   260        SH:  0    Dex: 18    Spells: 6/8 levels left

rFire   . . .        n - +3 sling
rCold   . . .        (no shield)
rNeg    . . .        j - +0 ring mail {rPois}
rPois   +            (no helmet)
rElec   .            (no cloak)
rCorr   .            (no gloves)
SInv    .            (no boots)
Will    .....        (no amulet)
Stlth   ++           h - +6 ring of intelligence
HPRegen 0.27/turn    (no ring)
MPRegen 0.12/turn

%: random rage (3%)
@: about to teleport
A: berserk 1, poison resistance, strong 2
a: no special abilities


You were on level 5 of the Dungeon.
You visited 1 branch of the dungeon, and saw 5 of its levels.
You also visited: Sewer.

You collected 260 gold pieces.

Inventory:

Hand Weapons
 a - a +0 shortbow
 f - a +3 falchion of holy wrath
 m - a +1 short sword of holy wrath
 n - a +3 sling (weapon)
 o - the +6 falchion of Lotwuon {pain, Int+5}
   (You took it off a kobold on level 3 of the Dungeon)

   Int:       It affects your intelligence (+5).
Missiles
 i - 10 poisoned darts
Armour
 c - a +0 leather armour
 g - a +0 scale mail
 j - a +0 ring mail of poison resistance (worn)
Jewellery
 h - a +6 ring of intelligence (left hand)
Wands
 q - a wand of iceblast (20)
Scrolls
 b - a scroll of immolation
 d - 3 scrolls of identify
 r - 2 scrolls of teleportation
Potions
 e - 4 potions of brilliance
 k - a potion of cancellation
 l - 3 potions of attraction
 p - 2 potions of heal wounds
 s - 4 potions of flight
 t - a potion of mutation
 u - 2 potions of magic


   Skills:
 + Level 3.5 Fighting
 + Level 9.0 Ranged Weapons
 + Level 2.7 Armour
 + Level 5.2 Dodging
 + Level 5.1 Stealth
 + Level 0.5 Spellcasting
 + Level 0.4 Translocations


You had 6 spell levels left.
You knew the following spells:

 Your Spells              Type           Power      Damage    Failure   Level
a - Blink                 Tloc           2%         N/A       43%         2

Your spell library contained the following spells:

 Spells                   Type           Power      Damage    Failure   Level
 Poisonous Vapours        Pois/Air       0%         N/A       50%         2
 Mephitic Cloud           Conj/Pois/Air  0%         N/A       73%         3
 Ozocubu's Armour         Ice            0%         N/A       73%         3
 Manifold Assault         Tloc           1%         N/A       97%         4
 Freezing Cloud           Conj/Ice/Air   0%         6-21      100%        5
 Ozocubu's Refrigeration  Ice            0%         4d7       100%        7
 Storm Form               Tmut/Air       0%         N/A       100%        7


Dungeon Overview and Level Annotations

Branches:
Dungeon (5/15)              Sewer (visited)
 Temple: D:4-7

Altars:
Ashenzari
Trog

Annotations:
D:2 1 runed translucent door, Crazy Yiuf
D:5 Menkaure


Innate Abilities, Weirdness & Mutations

You sometimes lose your temper in combat.
Your system is resistant to poisons. (rPois)
Your muscles are very strong. (Str +8, Int/Dex -2)


Message History

The kobold hits the plant with a +0 club.
The plant begins to die.
You shoot a sling bullet.
The sling bullet hits the kobold brigand.
The kobold brigand is severely wounded.
The kobold hits the plant with a +0 club.
You shoot a sling bullet.
The sling bullet closely misses the kobold brigand.
The sling bullet hits the kobold.
The kobold is heavily wounded.
A nearby plant withers and dies.
The kobold hits the plant with a +0 club.
You shoot a sling bullet.
The sling bullet hits the kobold brigand!
You kill the kobold brigand!
The kobold hits the plant with a +0 club.
The kobold hits you with a +2 short sword of electrocution.
You are electrocuted!!
Your Ranged Weapons skill increases to level 9!
The kobold attacks as you move away! The kobold hits you with a +0 club.
The kobold attacks as you move away! The kobold barely misses you.
The kobold hits the plant with a +0 club.
The kobold attacks as you move away!
The kobold hits you with a +2 short sword of electrocution.
A nearby plant withers and dies.
As you read the scroll of teleportation, it crumbles to dust.
You feel strangely unstable. The kobold misses you.
Menkaure calls on the powers of darkness!
Your body is wracked with pain!
* * * LOW HITPOINT WARNING * * *
The kobold convulses! x3
You feel much better. The kobold hits you but does no damage.
You shoot a sling bullet. The sling bullet hits Menkaure!
Menkaure is moderately damaged.
Menkaure barely misses you. The kobold hits you but does no damage.
You are electrocuted!
You shoot a sling bullet. The sling bullet hits Menkaure.
Menkaure is heavily damaged.
Menkaure hits you!!
You die...

#..>.#####..# ##.########
##....# #..# #..........
......# #..##########.######.##
.#....# #..#............# #.#
#.....#####..#.########[#.# #.#
.###.........#.# #.#.####.##
#....###.###.#.# #.#........
.#####
#.###.#.########.######.## .#
#.......M@KKKKK.## #.#
.###########.#.######).P### #.#
....[........#.# #....P####.#
....##########.# #....K.P####
#...### #.# ####...P.##
^.....###### #.##### #..♣..P#
...........###.....#######)..♣♣
......####.............####.P)♣
......#
########..#...PP###..)..


You could see Menkaure and 5 kobolds.

Vanquished Creatures
  Edmund (D:4)
  Duvessa (D:4)
  A phantom (D:4)
  A kobold brigand (D:5)
  2 scorpions (D:4)
  Dowan (D:4)
  2 hounds (D:5)
  A jelly (D:5)
  Ijyb (D:4)
  Natasha (D:3)
  Terence (D:3)
  An iguana (D:5)
  A sickly merfolk siren (Sewer)
  A malarious merfolk avatar (Sewer)
  9 adders
  7 gnolls
  5 river rats
  A shadow imp (D:5)
  3 worms
  2 dart slugs
  2 orcs
  7 bats
  12 endoplasms
  12 giant cockroaches
  5 goblins
  5 hobgoblins
  9 jackals
  5 quokkas
  14 ball pythons
  9 frilled lizards
  12 kobolds
  23 rats
158 creatures vanquished.

Vanquished Creatures (others)
  A wizard (D:4)
1 creature vanquished.

Grand Total: 159 creatures vanquished

Notes
Turn   | Place    | Note
-------+----------+-------------------------------------------
     0 | D:1      | Pimp the Deep Elf Hunter began the quest for the Orb.
     0 | D:1      | Reached XP level 1. HP: 12/12 MP: 3/3
    87 | D:1      | Reached XP level 2. HP: 17/17 MP: 4/4
   741 | D:2      | Reached XP level 3. HP: 17/21 MP: 5/5
   805 | D:2      | Reached skill level 6 in Ranged Weapons
  1078 | D:2      | Reached XP level 4. HP: 21/26 MP: 6/6
  1694 | D:2      | Found a runed translucent door.
  1695 | D:2      | Noticed Crazy Yiuf
  1888 | D:3      | Noticed Terence
  1898 | D:3      | Killed Terence
  2142 | D:3      | Found a broken altar of Ashenzari.
  2146 | D:3      | Noticed Natasha
  2174 | D:3      | Killed Natasha
  2175 | D:3      | Reached skill level 1 in Armour
  2175 | D:3      | Reached XP level 5. HP: 23/30 MP: 7/7
  2489 | D:3      | Identified the +6 falchion of Lotwuon {pain, Int+5}
  2618 | D:4      | Reached skill level 7 in Ranged Weapons
  2644 | D:4      | Reached XP level 6. HP: 32/36 MP: 8/8
  2672 | D:4      | Noticed Ijyb
  2676 | D:4      | Gained mutation: Your muscles are strong. (Str +4, Int/Dex
                  | -1) [potion of mutation]
  2676 | D:4      | Gained mutation: You sometimes lose your temper in combat.
                  | [potion of mutation]
  2676 | D:4      | Gained mutation: Your muscles are very strong. (Str +8,
                  | Int/Dex -2) [potion of mutation]
  2676 | D:4      | Gained mutation: Your system is resistant to poisons.
                  | (rPois) [potion of mutation]
  2698 | D:4      | Killed Ijyb
  2894 | D:4      | Found a glowing drain.
  2944 | Sewer    | Entered a sewer
  3134 | Sewer    | Reached XP level 7. HP: 39/40 MP: 9/9
  3285 | D:4      | Noticed Duvessa
  3286 | D:4      | Noticed Dowan
  3306 | D:4      | Reached skill level 8 in Ranged Weapons
  3312 | D:4      | Killed Duvessa
  3322 | D:4      | Killed Dowan
  3436 | D:4      | Learned a level 2 spell: Blink
  3439 | D:4      | Noticed Edmund
  3451 | D:4      | Killed Edmund
  3566 | D:4      | Found a bloodstained altar of Trog.
  3567 | D:4      | Noticed a wizard
  3573 | D:4      | Killed a wizard
  3775 | D:5      | Entered Level 5 of the Dungeon
  3875 | D:5      | Reached skill level 5 in Dodging
  4131 | D:5      | Reached skill level 5 in Stealth
  4440 | D:5      | Reached XP level 8. HP: 46/46 MP: 10/10
  4513 | D:5      | Noticed Menkaure
  4575 | D:5      | Reached skill level 9 in Ranged Weapons
  4582 | D:5      | Slain by Menkaure

Illustrated notes

Levels and vault maps discovered:
D:1:      dpeg_arrival_rooms_a, layout_loops_ring
D:2:      layout_basic, minmay_tetromino_i2, uniq_crazy_yiuf_cottage
D:3:      minmay_bubble_buster, layout_loops_ring,
          mainiacjoe_overflow_six_doors_small, uniq_terence, uniq_natasha
D:4:      layout_loops_ring, trog_wizard, cheibrodos_sewer_entry_sluice,
          uniq_edmund, uniq_duvessa, uniq_ijyb
D:5:      kennysheep_kobold_camp, layout_loops_ring, uniq_menkaure

Skill      XL: |  1  2  3  4  5  6  7  8 |
---------------+-------------------------+-----
Stealth        | 2 3 4 5 |  5.1
Fighting       | 2 3 |  3.5
Ranged Weapons | 6 7 8 9 |  9.0
Dodging        | 3 4 5 |  5.2
Armour         | 1 2 |  2.7
Spellcasting   | |  0.5
Translocations | |  0.4

Action                     |  1- 3 |  4- 6 |  7- 9 || total
---------------------------+-------+-------+-------++-------
  Melee: Falchion          |       |    13 |    16 ||    29
   Fire: Shortbow          |    70 |   179 |       ||   249
         Sling             |       |    71 |   146 ||   217
    Use: Scroll            |       |     8 |     2 ||    10
         Potion            |       |     2 |     2 ||     4
 Armour: Leather armour    |     1 |       |       ||     1
         Scale mail        |    11 |       |       ||    11
         Ring mail         |       |    38 |    11 ||    49
  Dodge: Dodged            |    14 |    64 |    56 ||   134
